cohdb
Replays
Latest Replays
All Replays
Popular Replays
Top Player Replays
Match Explorer
How It Works
Community
CoH3 Stats
Reddit
Sign in to upload your games and track your stats! →
Sign in with Steam
Match 42373181
Unlisted
Match 42373181
Overview
Messages
Build Orders
End
Royal Engineer Section
Construct Section Command Post
Selects Canadian Shock Battlegroup
Dingo Light Scout Car
Infantry Section
Selects Offensive Resupply
Selects Canadian Shock Section
Canadian Shock Section
Construct Field Infirmary
Canadian Shock Section
Selects Incendiary Munitions
Construct Platoon Command Post
Selects Pyrotechnics
Humber Armored Car
Canadian Shock Section
Infantry Section
Construct Company Command Post
Crusader II Medium Tank
Selects Churchill Crocodile Heavy Tank
Crusader II Medium Tank
Infantry Training
Armored Vehicle Training
Crusader II Medium Tank
kennyk9
Brother
0
0
Comments
sign in to comment!
No comments posted yet!